 Dungeon Crawl Stone Soup version 0.24-a0-471-g3302cd442e (webtiles) character file.

Game seed: 17472060037636807796

46 mhoghedin the Sneak (level 3, -1/24 HPs)
             Began as an Octopode Assassin on July 4, 2019.
             Slain by a worm (6 damage)
             ... on level 2 of the Dungeon.
             The game lasted 00:01:36 (1465 turns).

mhoghedin the Sneak (Octopode Assassin)             Turns: 1465, Time: 00:01:36

Health: -1/24      AC:  1    Str: 10    XL:     3   Next: 66%
Magic:  3/3        EV: 13    Int: 14    God:
Gold:   107        SH:  0    Dex: 13    Spells: 2/2 levels left

rFire    . . .     SeeInvis .   a - +2 dagger
rCold    . . .     Gourm    .   (no shield)
rNeg     . . .     Faith    .   (helmet restricted)
rPois    .         Spirit   .   (no amulet)
rElec    .         Reflect  .   (no ring)
rCorr    .         Harm     .   (no ring)
MR       .....                  (no ring)
Stlth    ++++......             (no ring)
HPRegen  0.08/turn              (no ring)
MPRegen  0.08/turn              (no ring)
                                (no ring)
                                (no ring)

@: no status effects
A: almost no armour, stealthy swim, amphibious, 8 rings, constrict 8, camouflage
1, gelatinous body 1
a: no special abilities


You were on level 2 of the Dungeon.
You were hungry.

You visited 1 branch of the dungeon, and saw 2 of its levels.

You collected 107 gold pieces.

Inventory:

Hand Weapons
 a - a +2 dagger (weapon)
Missiles
 b - 23 poisoned darts (quivered)
 c - 2 curare-tipped darts
Scrolls
 e - 3 scrolls of identify {unknown}
 f - a scroll of remove curse {unknown}
 i - a scroll of blinking {unknown}
Potions
 g - a potion of brilliance {unknown}
 h - 2 potions of curing {unknown}
 j - a potion of agility {unknown}
Comestibles
 d - 5 rations


   Skills:
 - Level 2.0 Fighting
 + Level 2.4 Short Blades
 - Level 2.0 Throwing
 - Level 1.0 Dodging
 + Level 6.9 Stealth


You had 2 spell levels left.
You didn't know any spells.
Your spell library was empty.

Dungeon Overview and Level Annotations

Branches:
Dungeon (2/15)

Altars:
Nemelex Xobeh


Innate Abilities, Weirdness & Mutations

You cannot wear most types of armour.
You are very stealthy in the water. (Stealth+)
You are amphibious.
You can wear up to eight rings at the same time.
You can use your tentacles to constrict eight enemies at once.
Your skin changes colour to match your surroundings (Stealth+).
Your rubbery body absorbs attacks. (AC +1, EV +1)


Message History

The hobgoblin barely misses you.
You hit the worm.
You kill the worm!
The hobgoblin barely misses you.
You closely miss the hobgoblin. Your grab misses the hobgoblin.
You squeeze the hobgoblin.
You kill the hobgoblin!
No target in view!
You see here a worm corpse.
You butcher the worm corpse.
j - a chunk of flesh {@w0} You see here a cursed -1 dagger.
You see here a cursed -1 dagger.
k - a cursed -1 dagger Drop what? 11/52 slots (_ for help) (? for menu, Esc to quit)
You drop a cursed -1 dagger.
You start waiting.
Eating a chunk of flesh {@w0}.
You eat the chunk of flesh {@w0}.
Done waiting.
A giant cockroach comes into view.
A giant cockroach is nearby!
A giant cockroach is nearby!
The giant cockroach bites you.
You take 1 damage, and have 23/24 hp.
You hit the giant cockroach but do no damage.
You grab the giant cockroach.
You constrict the giant cockroach, but do no damage.
The giant cockroach waves its antennae.
The giant cockroach bites you.
You take 1 damage, and have 22/24 hp.
You hit the giant cockroach.
You constrict the giant cockroach, but do no damage.
The giant cockroach bites you.
You take 1 damage, and have 21/24 hp.
You hit the giant cockroach.
You kill the giant cockroach!
No target in view!
No target in view!
No target in view!
No target in view!
No target in view!
j - a coppery potion You now have 82 gold pieces (gained 14).
e - 2 scrolls labeled NOACWA IMUF (gained 1)
You now have 91 gold pieces (gained 9).
You see here 18 stones.
A kobold comes into view. It is wielding a +0 short sword.
Health restored: 24 The helpless kobold fails to defend itself.
You impale the kobold!!
You kill the kobold!
No target in view!
No target in view!
No target in view!
No target in view!
Things that are here:
a +0 short sword; 4 stones; a kobold corpse You now have 103 gold pieces (gained 12).
e - 3 scrolls labeled NOACWA IMUF (gained 1)
You now have 107 gold pieces (gained 4).
Found a stone staircase leading up.
You are feeling hungry.
No target in view!
You see here 18 stones.
You see here 21 arrows.
A hobgoblin comes into view.
The hobgoblin shouts!
You hear a shout!
A hobgoblin is nearby!
A hobgoblin is nearby!
A hobgoblin comes into view. It is wielding a +0 club.
A worm comes into view.
You barely miss the hobgoblin. Your grab misses the hobgoblin.
The hobgoblin hits you.
You take 4 damage, and have 20/24 hp.
You hit the hobgoblin but do no damage. You grab the hobgoblin.
You constrict the hobgoblin. The hobgoblin barely misses you. x2
You hit the hobgoblin. You squeeze the hobgoblin.
You kill the hobgoblin!
The hobgoblin misses you.
You hit the hobgoblin. You grab the hobgoblin. You constrict the hobgoblin.
You hit the hobgoblin but do no damage.
You constrict the hobgoblin, but do no damage.
The hobgoblin closely misses you.
You hit the hobgoblin.
You kill the hobgoblin!
The worm misses you.
You hit the worm. You grab the worm. You constrict the worm. You hit the worm.
You squeeze the worm. You constrict the worm. The worm bites you.
You take 5 damage, and have 16/24 hp.
MASSIVE DAMAGE!!
You hit the worm. You constrict the worm. You hit the worm but do no damage.
You squeeze the worm. You constrict the worm. The worm bites you!
* * * LOW HITPOINT WARNING * * *
You take 11 damage, and have 5/24 hp.
MASSIVE DAMAGE!!
You hit the worm. You constrict the worm. You hit the worm but do no damage.
You constrict the worm. The worm bites you.
You die...

. #. # #. # #. ####
# #.
...#############
###.
#.......##...). ...
#.###..........
#w###.(...#.##.####
#†@...#####.##.# #
###.#######....# #
#%=.........(.# #
#..#######....####
#. ...# #..#.....
#. .##.#
###..####.# #.#
##.#.# #..........
#..## ##.##.#
#.#..####.#
#.#.###.###.#
###.#..####.#


You could see a worm.

Vanquished Creatures
  A worm (D:2)
  A dart slug (D:1)
  A leopard gecko (D:1)
  A ball python (D:1)
  3 giant cockroaches
  7 hobgoblins
  4 jackals (D:1)
  5 kobolds
  2 bats
  3 frilled lizards (D:1)
  5 goblins
  4 rats (D:1)
37 creatures vanquished.

Notes
Turn   | Place    | Note
-------+----------+-------------------------------------------
     0 | D:1      | mhoghedin the Octopode Assassin began the quest for the
                  | Orb.
     0 | D:1      | Reached XP level 1. HP: 14/14 MP: 1/1
   295 | D:1      | Reached XP level 2. HP: 19/19 MP: 2/2
   299 | D:1      | Reached skill level 6 in Stealth
   720 | D:1      | Reached XP level 3. HP: 23/24 MP: 3/3
   929 | D:1      | Found a sparkling altar of Nemelex Xobeh.
  1463 | D:2      | HP: 5/24 [worm (11)]
  1465 | D:2      | Slain by a worm

Levels and vault maps discovered:
D:1:      nzn_arrival_depleted_hourglass, layout_rooms,
          nemelex_xobeh_ov_fountains_minmay
D:2:      layout_loops_ring, lightli_temple_of_fire

Skill      XL: |  1  2 |
---------------+-------+-----
Stealth        | 6 |  6.9
Fighting       | |  2.0
Short Blades   | |  2.4
Throwing       | |  2.0
Dodging        | |  1.0

Action                   || total
-------------------------++-------
Melee: Dagger            ||    79
       Tentacles         ||    14
       Constrict         ||    17
 Stab: Sleeping          ||     9
  Eat: Chunk             ||     1
Armor: Skin              ||     2
Dodge: Dodged            ||    40

Table legend:
 A = Non-vault XP
 B = Vault XP
 C = Vault XP percentage of total XP
 D = Non-vault monster count
 E = Vault monster count
 F = Vault count percentage of total count
                 A         B        C        D         E       F
            +---------+---------+-------+---------+---------+-------
      Total |      66 |       0 |   0.0 |      37 |       0 |   0.0
            +---------+---------+-------+---------+---------+-------
        D:1 |      49 |       0 |   0.0 |      28 |       0 |   0.0
        D:2 |      17 |       0 |   0.0 |       9 |       0 |   0.0
            +---------+---------+-------+---------+---------+-------

Levels and vault maps discovered:
D:1:      nzn_arrival_depleted_hourglass, layout_rooms,
          nemelex_xobeh_ov_fountains_minmay
D:2:      layout_loops_ring, lightli_temple_of_fire

Table legend:
 A = Turns spent in this place as a percentage of turns spent in the entire game.
 B = Non-inter-level travel turns spent in this place as a percentage of non-inter-level travel turns spent in the entire game.
 C = Inter-level travel turns spent in this place as a percentage of turns spent in this place.
 D = Turns resting spent in this place as a percentage of non-inter-level travel turns spent in this place.
 E = Turns spent auto-exploring this place as a percentage of non-inter-level travel turns spent in this place.
 F = Non-inter-level travel turns spent in this place divided by the number of levels of this place that you've seen.
                   A       B       C       D       E      F
               +-------+-------+-------+-------+-------+----------------------
         Total | 100.0 | 100.0 |   1.8 |  47.2 |  34.9 | 719.0
       Dungeon | 100.0 | 100.0 |   1.8 |  47.2 |  34.9 | 719.0
               +-------+-------+-------+-------+-------+----------------------

Table legend:
 A = Kills in this place as a percentage of kills in entire the game.
 B = Kills by you in this place as a percentage of kills by you in the entire game.
 C = Kills by friends in this place as a percentage of kills by friends in the entire game.
 D = Other kills in this place as a percentage of other kills in the entire game.
 E = Experience gained in this place as a percentage of experience gained in the entire game.
 F = Experience gained in this place divided by the number of levels of this place that you have seen.
                   A       B       C       D       E      F
               +-------+-------+-------+-------+-------+----------------------
         Total | 100.0 | 100.0 |   N/A |   N/A | 100.0 |  33.0
       Dungeon | 100.0 | 100.0 |   N/A |   N/A | 100.0 |  33.0
               +-------+-------+-------+-------+-------+----------------------
